 Dungeon Crawl Stone Soup version 0.25-a0-835-gb37b1c2 (webtiles) character file.

Game seed: 6546150596516113034, levelgen mode: deterministic

20598 BlueFish the Fencer (level 12, -4/101 HPs)
             Began as a Minotaur Fighter on Apr 23, 2020.
             Was an Initiate of Ru.
             Slain by a death yak (22 damage)
             ... on level 2 of the Lair of Beasts.
             The game lasted 00:20:08 (14669 turns).

BlueFish the Fencer (Minotaur Fighter)             Turns: 14669, Time: 00:20:08

Health: -4/101     AC: 14    Str: 22    XL:     12   Next: 46%
Magic:  20/20      EV: 13    Int:  7    God:    Ru [......]
Gold:   773        SH:  0    Dex: 14    Spells: 11/11 levels left

rFire    + . .     SeeInvis +   J - +4 long sword
rCold    . . .     Gourm    .   (no shield)
rNeg     . . .     Faith    +   b - +1 scale mail
rPois    .         Spirit   .   R - +1 hat
rElec    .         Reflect  .   d - +0 cloak
rCorr    .         Harm     .   p - +0 pair of gloves
MR       .....                  (no boots)
Stlth    ..........             i - amulet of faith
HPRegen  0.26/turn              e - ring of see invisible
MPRegen  0.17/turn              n - ring of magical power

@: no status effects
A: retaliatory headbutt, hooves 1, horns 2, blurry vision 1, clever 1, fire
resistance 1, frail 1, wild magic 1, evolution 1
a: Renounce Religion


You were on level 2 of the Lair of Beasts.
You worshipped Ru.
Ru was noncommittal.
You were not hungry.

You visited 3 branches of the dungeon, and saw 14 of its levels.

You collected 773 gold pieces.

Inventory:

Hand Weapons
 a - a +0 long sword
 k - a +0 dagger of electrocution
 u - a +2 dagger of venom
 A - a +2 dagger of protection
 J - a +4 long sword (weapon)
 M - a +2 dagger of draining
Armour
 b - a +1 scale mail (worn)
 c - a +0 kite shield
 d - a +0 cloak (worn)
 p - a +0 pair of gloves (worn)
 R - a +1 hat (worn)
Jewellery
 e - a ring of see invisible (left hand)
 i - an amulet of faith (around neck)
 l - a +4 amulet of reflection
 n - a ring of magical power (right hand)
 o - an uncursed ring of stealth
 H - a +5 ring of evasion
Wands
 s - a wand of iceblast (6)
 v - a wand of paralysis (24)
 D - a wand of scattershot (3)
 I - a wand of random effects (15)
 L - a wand of disintegration (26)
Scrolls
 g - 2 scrolls of magic mapping {unknown}
 j - 7 scrolls of teleportation
 q - 4 scrolls of remove curse
 t - 11 scrolls of identify
 x - a scroll of silence {unknown}
 y - 3 scrolls of enchant weapon {unknown}
 B - a scroll of random uselessness {unknown}
 C - a scroll of brand weapon {unknown}
 E - a scroll of fog
 F - 2 scrolls of blinking {unknown}
 N - a scroll of enchant armour
 P - a scroll of amnesia
Potions
 h - a potion of lignification
 m - 3 potions of stabbing
 r - 2 potions of resistance
 w - 7 potions of curing
 z - 4 potions of flight
 G - 4 potions of brilliance
 K - a potion of magic {unknown}
 O - a potion of cancellation {unknown}
 Q - a potion of berserk rage {unknown}
Comestibles
 f - 19 rations


   Skills:
 * Level 12.8 Fighting
 + Level 1.4(9.6) Short Blades
 * Level 15.3(15.4) Long Blades
 * Level 12.2 Armour
 + Level 5.3 Dodging
 + Level 6.3 Shields


You had 11 spell levels left.
You didn't know any spells.
Your spell library contained the following spells:

 Spells                   Type           Power        Failure   Level  Hunger
 Magic Dart               Conj           #...         77%         1    ##.....
 Sandblast                Erth           #.....       77%         1    ##.....
 Sting                    Tmut/Pois      #...         77%         1    ##.....
 Blink                    Tloc           N/A          88%         2    ###....
 Call Imp                 Summ           #.......     88%         2    ###....
 Passwall                 Tmut/Erth      #.......     88%         2    ###....
 Poisonous Vapours        Pois/Air       #.....       88%         2    ###....
 Slow                     Hex            #.......     88%         2    ###....
 Conjure Flame            Conj/Fire      #.......     98%         3    ####...
 Ignite Poison            Fire/Tmut/Pois #.......     98%         3    ####...
 Mephitic Cloud           Conj/Pois/Air  #.......     98%         3    ####...
 Stone Arrow              Conj/Erth      #.....       98%         3    ####...
 Olgreb's Toxic Radiance  Pois           #.......     100%        4    #####..
 Petrify                  Tmut/Erth      #.......     100%        4    #####..
 Lee's Rapid Deconstruct  Erth           #.........   100%        5    ######.


Dungeon Overview and Level Annotations

Branches:
Dungeon (11/15)            Temple (1/1) D:4            Lair (2/6) D:8
  Swamp: Lair:2-4    Shoals: Lair:2-4     Snake: Lair:2-4    Spider: Lair:2-4
    Orc: D:9-12

Altars:
Ashenzari
Cheibriados
Dithmenos
Elyvilon
Fedhas
Gozag
Hepliaklqana
Kikubaaqudgha
Makhleb
Nemelex Xobeh
Okawaru
Qazlal
Ru
Sif Muna
Trog
Uskayaw
Vehumet
Wu Jian
Xom
Yredelemnul
Zin
The Shining One
Jiyva


Innate Abilities, Weirdness & Mutations

You reflexively headbutt those who attack you in melee.
You have a pair of horns on your head.
You have large cloven feet.
Scrolls take you a little longer to read.
Your mind is acute. (Int +2)
Your flesh is heat resistant. (rF+)
You are frail. (-10% HP)
Your spells are a little harder to cast, but a little more powerful.
You evolve.


Message History

You hit the death yak but do no damage.
The death yak is severely wounded.
The death yak gores you but does no damage.
You barely miss the death yak.
The death yak is severely wounded.
The death yak gores you but does no damage.
You slash the death yak!
The death yak is almost dead.
You feel less wooden.
Your +0 cloak unmelds from your body.
Your +1 hat unmelds from your body.
Your +0 pair of gloves unmelds from your body.
Your +1 scale mail unmelds from your body.
You slash the death yak!
You kill the death yak!
Okay, then.
Okay, then.
The death yak snorts and paws the ground.
There is a stone staircase leading up here.
The death yak gores you!!
You die...

#.P###...###..##...#..##
##..####..###..........##
#....# #..##...P#..#...##
##...###..###..##...#...#
#P...##.........#...#..P#
##..####...............#
#...# #...............##
#...# ##........#..PP...#
##..###.@YY....#...##..##
#..#P#............#....#
#.............#...#....#
#.............#...#.....
#.................†#....
##...#.........#....#..#.
#...P##............##..##
#...####...........#...#
#....##............#P..#


You could see 2 death yaks.

Vanquished Creatures
  Gastronok (Lair:2)
  A hydra (D:11)
  A centaur warrior (D:10)
  4 death yaks (Lair:2)
  The ghost of contrafett the Grappler, a novice TrMo of Makhleb (D:8)
  An ugly thing (D:11)
  A manticore (D:10)
  A cyclops (D:11)
  Joseph (D:7)
  5 spiny frogs
  2 komodo dragons
  4 trolls
  2 polar bears (D:8)
  3 hippogriffs
  2 slime creatures (D:8)
  A spriggan (D:8)
  A basilisk (Lair:1)
  6 yaks
  A steam dragon (D:9)
  Menkaure (D:7)
  8 water moccasins
  4 porcupines
  3 sky beasts
  3 orc warriors
  2 black bears
  A phantom (D:7)
  3 ice beasts (D:8)
  4 ogres
  6 wolves
  6 centaurs
  4 crocodiles
  A big kobold (D:10)
  3 bullfrogs
  A wyvern zombie (D:10)
  A wyvern skeleton (D:6)
  7 scorpions
  3 howler monkeys
  6 wights
  2 electric eels (D:8)
  3 crimson imps
  3 bullfrog zombies
  3 centaur zombies
  A quasit (D:10)
  A gnoll shaman (D:7)
  5 hounds
  8 jellies
  5 orc priests
  Jessica (D:3)
  A bullfrog skeleton (D:10)
  4 centaur skeletons
  13 orc wizards
  5 iguanas
  7 worker ants
  A bullfrog simulacrum (D:8)
  A hound skeleton (D:6)
  A killer bee simulacrum (D:8)
  8 gnolls
  9 adders
  A howler monkey skeleton (D:5)
  5 shadow imps
  4 white imps (D:8)
  3 ufetubi (D:8)
  4 adder skeletons
  2 adder zombies
  2 worms
  2 dart slugs
  3 adder simulacra (D:8)
  5 leopard geckos
  34 orcs
  9 giant cockroaches
  5 hobgoblins
  15 jackals
  9 kobolds
  7 quokkas
  A ball python (D:3)
  5 bats
  5 frilled lizards
  8 goblins
  A jackal skeleton (D:4)
  A quokka zombie (D:8)
  4 rats
323 creatures vanquished.

Notes
Turn   | Place    | Note
-------+----------+-------------------------------------------
     0 | D:1      | BlueFish the Minotaur Fighter began the quest for the Orb.
     0 | D:1      | Reached XP level 1. HP: 19/19 MP: 0/0
   387 | D:1      | Reached XP level 2. HP: 27/27 MP: 1/1
   872 | D:2      | Reached skill level 3 in Long Blades
   872 | D:2      | Reached XP level 3. HP: 33/33 MP: 2/2
  1113 | D:2      | Reached XP level 4. HP: 41/41 MP: 3/3
  1448 | D:3      | Noticed Jessica
  1451 | D:3      | Killed Jessica
  1451 | D:3      | Reached skill level 4 in Long Blades
  1914 | D:4      | Found a staircase to the Ecumenical Temple.
  1926 | Temple   | Entered the Ecumenical Temple
  2053 | Temple   | Became a worshipper of Ru the Awakened
  2120 | D:4      | Reached skill level 1 in Dodging
  2120 | D:4      | Reached XP level 5. HP: 41/47 MP: 4/4
  2243 | D:4      | Gained mutation: Potions are less effective at restoring
                  | your health. [potion of mutation]
  2243 | D:4      | Gained mutation: Your spells are a little harder to cast,
                  | but a little more powerful. [potion of mutation]
  2247 | D:4      | Lost mutation: Your spells are a little harder to cast, but
                  | a little more powerful. [potion of mutation]
  2247 | D:4      | Lost mutation: Potions are less effective at restoring your
                  | health. [potion of mutation]
  2247 | D:4      | Gained mutation: You are weak. (Str -2) [potion of
                  | mutation]
  2247 | D:4      | Gained mutation: You are agile. (Dex +2) [potion of
                  | mutation]
  2247 | D:4      | Gained mutation: You are partially covered in yellow
                  | scales. (AC +2) [potion of mutation]
  2247 | D:4      | Lost mutation: You are weak. (Str -2) [potion of mutation]
  2532 | D:4      | Found a burning altar of Makhleb.
  2535 | D:4      | Found a stormy altar of Qazlal.
  2538 | D:4      | Found a radiant altar of Vehumet.
  2540 | D:4      | Reached skill level 5 in Long Blades
  2540 | D:4      | Reached skill level 5 in Armour
  2543 | D:4      | Found a shimmering blue altar of Sif Muna.
  2906 | D:4      | Reached XP level 6. HP: 55/55 MP: 5/5
  2991 | D:4      | Found a burning altar of Makhleb.
  3209 | D:5      | Entered Level 5 of the Dungeon
  3264 | D:5      | Reached skill level 5 in Fighting
  3315 | D:5      | Reached skill level 6 in Long Blades
  3541 | D:5      | Reached XP level 7. HP: 60/61 MP: 6/6
  3957 | D:6      | Reached skill level 7 in Long Blades
  4271 | D:6      | Reached skill level 8 in Long Blades
  4275 | D:6      | Reached XP level 8. HP: 41/70 MP: 7/7
  4590 | D:6      | Got a dull robe
  4675 | D:7      | Noticed Joseph
  4691 | D:7      | Killed Joseph
  4691 | D:7      | Reached skill level 9 in Long Blades
  5278 | D:7      | Noticed Menkaure
  5291 | D:7      | Killed Menkaure
  5607 | D:7      | Reached skill level 10 in Long Blades
  5607 | D:7      | Reached XP level 9. HP: 69/79 MP: 8/8
  6220 | D:8      | Noticed a polar bear
  6234 | D:8      | Killed a polar bear
  6469 | D:8      | Noticed a polar bear
  6484 | D:8      | Killed a polar bear
  6484 | D:8      | Reached skill level 11 in Long Blades
  6642 | D:8      | Reached skill level 5 in Shields
  6930 | D:8      | Found a runed translucent gate.
  6930 | D:8      | Found a runed translucent gate.
  6930 | D:8      | Noticed contrafett's ghost (novice TrMo)
  6931 | D:8      | Found a runed translucent gate.
  6934 | D:8      | Found a viscous altar of Jiyva.
  6965 | D:8      | Killed contrafett's ghost
  6965 | D:8      | Reached skill level 12 in Long Blades
  6965 | D:8      | Reached XP level 10. HP: 28/90 MP: 9/9
  6978 | D:8      | Found a staircase to the Lair.
  7879 | D:9      | Found a basalt altar of Yredelemnul.
  8475 | D:9      | Found a glowing golden altar of the Shining One.
  8628 | D:9      | Reached skill level 13 in Long Blades
  8750 | D:9      | Noticed an angel
  8777 | D:10     | Entered Level 10 of the Dungeon
  8893 | D:10     | Reached skill level 10 in Armour
  9595 | D:11     | Reached skill level 10 in Fighting
  9630 | D:11     | Noticed a six-headed hydra
  9645 | D:11     | HP: 2/93 [six-headed hydra (4)]
  9976 | D:11     | Killed a six-headed hydra
  9976 | D:11     | Reached XP level 11. HP: 55/100 MP: 10/10
 10295 | D:6      | Lost mutation: You are agile. (Dex +2) [potion of mutation]
 10295 | D:6      | Lost mutation: You are partially covered in yellow scales.
                  | (AC +2) [potion of mutation]
 10295 | D:6      | Gained mutation: Your magical capacity is low. (-10% MP)
                  | [potion of mutation]
 10295 | D:6      | Gained mutation: You are partially covered in molten
                  | scales. (AC +2) [potion of mutation]
 10295 | D:6      | Gained mutation: You have large cloven feet. [potion of
                  | mutation]
 10296 | D:6      | Lost mutation: You have large cloven feet. [potion of
                  | mutation]
 10296 | D:6      | Gained mutation: Your mind is acute. (Int +2) [potion of
                  | mutation]
 10296 | D:6      | Gained mutation: You are somewhat resistant to further
                  | mutation. [potion of mutation]
 10296 | D:6      | Gained mutation: You have large cloven feet. [potion of
                  | mutation]
 10297 | D:6      | Lost mutation: You are somewhat resistant to further
                  | mutation. [potion of mutation]
 10297 | D:6      | Lost mutation: You are partially covered in molten scales.
                  | (AC +2) [potion of mutation]
 10297 | D:6      | Lost mutation: Your magical capacity is low. (-10% MP)
                  | [potion of mutation]
 10297 | D:6      | Gained mutation: You are frail. (-10% HP) [potion of
                  | mutation]
 10297 | D:6      | Gained mutation: You evolve. [potion of mutation]
 10449 | D:10     | Noticed a centaur warrior
 10462 | D:10     | Killed a centaur warrior
 10662 | D:10     | Reached skill level 1 in Short Blades
 10860 | D:11     | Gained mutation: Scrolls take you a little longer to read.
                  | [evolution]
 11044 | D:11     | Noticed a green ugly thing
 11058 | D:11     | Killed a green ugly thing
 11072 | D:11     | HP: 4/90 [poisoned by a worker ant]
 11077 | D:11     | HP: 2/90 [poisoned by a worker ant]
 11084 | D:11     | HP: 1/90 [poisoned by a worker ant]
 11091 | D:11     | HP: 1/90 [poisoned by a worker ant]
 11099 | D:11     | HP: 1/90 [poisoned by a worker ant]
 11520 | D:11     | Reached skill level 14 in Long Blades
 11861 | Lair:1   | Entered Level 1 of the Lair of Beasts
 12913 | Lair:1   | Found a stormy altar of Qazlal.
 13070 | Lair:1   | Gained mutation: Your flesh is heat resistant. (rF+)
                  | [evolution]
 13233 | Lair:2   | Noticed Gastronok
 13266 | Lair:2   | Killed Gastronok
 13266 | Lair:2   | Reached skill level 5 in Dodging
 13266 | Lair:2   | Reached XP level 12. HP: 39/100 MP: 11/11
 13656 | Lair:2   | Reached skill level 15 in Long Blades
 13933 | Lair:2   | Noticed a death yak
 13933 | Lair:2   | Noticed a death yak
 13933 | Lair:2   | Noticed a death yak
 13933 | Lair:2   | Noticed a death yak
 13934 | Lair:2   | Noticed a death yak
 13934 | Lair:2   | Noticed a death yak
 13967 | Lair:2   | Killed a death yak
 13997 | Lair:1   | Gained mutation: Your spells are a little harder to cast,
                  | but a little more powerful. [evolution]
 14035 | Lair:2   | HP: 5/101 [poisoned by a spiny frog]
 14042 | Lair:2   | HP: 5/101 [poisoned by a spiny frog]
 14050 | Lair:2   | HP: 5/101 [poisoned by a spiny frog]
 14608 | Lair:2   | Killed a death yak
 14628 | Lair:2   | Killed a death yak
 14651 | Lair:2   | Killed a death yak
 14669 | Lair:2   | Slain by a death yak

Levels and vault maps discovered:
D:1:      grunt_arrival_lava_bath, layout_basic, minmay_misc_feat_more_columns
D:2:      layout_basic, kennysheep_generic_room_12
D:3:      layout_basic, uniq_jessica
D:4:      layout_basic, grunt_temple_overflow_cloverleaf,
          minmay_temple_entry_metal_lava, first_ration, serial_rivers,
          chequers_serial_rivers_large_a, chequers_serial_rivers_micro_e,
          chequers_serial_rivers_small_a, chequers_serial_rivers_micro_c,
          chequers_serial_rivers_marsh, hangedman_decor_clover_reticule,
          makhleb_heckhound_becter
D:5:      layout_loops_ring
D:6:      layout_cave_pools, minmay_misc_feat_rows
D:7:      layout_basic, nrook_campfire, uniq_menkaure, uniq_joseph
D:8:      layout_loops_ring, lair_entry_dummy, gammafunk_ghost_ooze, serial_ice,
          serial_ice_d, serial_ice_i, serial_ice_h, serial_ice_c, serial_ice_a,
          serial_ice_o, the_bakery
D:9:      layout_roguey, grunt_temple_overflow_holy_war
D:10:     cheibrodos_elevator_heist, layout_irregular_city
D:11:     layout_gridville
Temple:   eino_temple_rhombus
Lair:1:   layout_cave_shapes, grunt_forest_stairs_basic, lemuel_centaur_altar
Lair:2:   layout_long_grid, uniq_gastronok

Skill      XL: |  1  2  3  4  5  6  7  8  9 10 11 12 |
---------------+-------------------------------------+-----
Fighting       | 4 5 7 8 10 12 | 12.8
Armour         | 4 5 6 8 9 10 11 12 | 12.2
Long Blades    | 3 4 5 6 8 10 12 13 14 15 | 15.3
Dodging        | 1 2 3 5 |  5.3
Shields        | 4 5 6 |  6.3
Short Blades   | 1 |  1.4

Action                   |  1- 3 |  4- 6 |  7- 9 | 10-12 || total
-------------------------+-------+-------+-------+-------++-------
Melee: Long sword        |    92 |   128 |   309 |   505 ||  1034
       Headbutt          |    12 |    24 |    84 |   132 ||   252
       Dagger            |       |       |       |    18 ||    18
       Kick              |       |       |       |   102 ||   102
Invok: Reject Sacrifices |       |     1 |       |       ||     1
  Use: Scroll            |     3 |     7 |     2 |     1 ||    13
       Potion            |       |     4 |     3 |     4 ||    11
 Stab: Sleeping          |       |     1 |       |       ||     1
  Eat: Chunk             |     1 |     8 |    11 |    22 ||    42
       Ration            |       |       |       |     1 ||     1
Armor: Scale mail        |    42 |    61 |   117 |   156 ||   376
       Skin              |       |       |       |    14 ||    14
Dodge: Dodged            |    51 |    72 |   144 |   237 ||   504
Block: Other             |    24 |    21 |    52 |    61 ||   158
       Reflection        |       |       |       |     3 ||     3
       Rpst.: Long sword |     8 |    17 |    41 |    65 ||   131

Table legend:
 A = Non-vault XP
 B = Vault XP
 C = Vault XP percentage of total XP
 D = Non-vault monster count
 E = Vault monster count
 F = Vault count percentage of total count
                 A         B        C        D         E       F
            +---------+---------+-------+---------+---------+-------
      Total |   21075 |    8352 |  28.4 |     277 |      46 |  14.2
            +---------+---------+-------+---------+---------+-------
        D:1 |      32 |       0 |   0.0 |      21 |       0 |   0.0
        D:2 |      78 |       3 |   3.7 |      27 |       2 |   6.9
        D:3 |      23 |      37 |  61.7 |       7 |       1 |  12.5
        D:4 |     251 |      42 |  14.3 |      22 |       1 |   4.3
        D:5 |     329 |       0 |   0.0 |      14 |       0 |   0.0
        D:6 |     739 |       0 |   0.0 |      18 |       0 |   0.0
        D:7 |     898 |     640 |  41.6 |      31 |       2 |   6.1
        D:8 |    1368 |    3076 |  69.2 |      21 |      29 |  58.0
        D:9 |    1080 |       0 |   0.0 |      27 |       0 |   0.0
       D:10 |    1361 |    1961 |  59.0 |      29 |       6 |  17.1
       D:11 |    4565 |       0 |   0.0 |      23 |       0 |   0.0
     Lair:1 |    3979 |     442 |  10.0 |      18 |       4 |  18.2
     Lair:2 |    6372 |    2151 |  25.2 |      19 |       1 |   5.0
            +---------+---------+-------+---------+---------+-------
